 Dungeon Crawl Stone Soup version 0.32-a0-918-g0f22ef8d61 (webtiles) character file.

Game seed: 7405540339943000753

5229 Alarak the Severer (level 10, -6/70 HPs)
             Began as a Coglin Fighter on Apr 11, 2024.
             Was a Believer of Makhleb.
             Mangled by Amaemon
             ... wielding a +1 demon whip of venom
              (8 damage)
             ... on level 9 of the Dungeon.
             The game lasted 00:15:24 (7758 turns).

Alarak the Severer (Coglin Fighter)                 Turns: 7758, Time: 00:15:28

Health: -6/70      AC: 14    Str: 21    XL:     10   Next: 61%
Magic:  10/10      EV:  8    Int:  8    God:    Makhleb [**....]
Gold:   546        SH:  0    Dex: 13    Spells: 9/9 levels left

rFire   + + .        a - +1 war axe {Pete}
rCold   + . .        r - +6 shillelagh "Devastator" {shatter}
rNeg    . . .        x - +2 scale mail {rF+}
rPois   .            f - +0 helmet "Zuh Aqukh" {+Inv rElec rF+ rC+}
rElec   +            p - +0 cloak
rCorr   .            (no gloves)
SInv    .            h - +2 pair of boots
Will    .....        (amulet unavailable) Stlth
                     (ring unavailable)
HPRegen 0.31/turn    (ring unavailable)
MPRegen 0.12/turn    (no gizmo)

%: no passive effects
@: lethally poisoned (-6 -> -19), revved
A: off-hand wielding, slow wielding, warmup strikes, no jewellery
a: Invent Gizmo, Renounce Religion, Evoke Invisibility, Minor Destruction


You were on level 9 of the Dungeon.
You worshipped Makhleb.
Makhleb was pleased with you.
You visited 1 branch of the dungeon, and saw 9 of its levels.

You collected 546 gold pieces.

Inventory:

Hand Weapons
 a - a +1 war axe (weapon) {Pete}
 q - a +0 war axe
 r - the +6 shillelagh "Devastator" (offhand) {shatter}
   (You found it on level 5 of the Dungeon)
 w - a +1 hand axe of flaming
Armour
 f - the +0 helmet "Zuh Aqukh" (worn) {+Inv rElec rF+ rC+}
   (You acquired it on level 3 of the Dungeon)

   rF+:       It protects you from fire.
   rC+:       It protects you from cold.
   rElec:     It insulates you from electricity.
   +Inv:      It lets you turn invisible.
 h - a +2 pair of boots (worn)
 p - a +0 cloak (worn)
 x - a +2 scale mail of fire resistance (worn)
 E - a +0 plate armour
Wands
 i - a wand of flame (38)
 s - a wand of iceblast (18)
 y - a wand of quicksilver (20)
Scrolls
 b - a scroll of vulnerability
 c - 2 scrolls of enchant weapon
 e - a scroll of blinking
 g - 2 scrolls of poison
 k - 2 scrolls of teleportation
 n - 2 scrolls of revelation
 v - a scroll of fear
Potions
 d - 2 potions of cancellation
 j - 3 potions of brilliance
 l - 2 potions of mutation
 m - a potion of enlightenment
 o - a potion of attraction
 t - 2 potions of lignification
 u - a potion of berserk rage {unknown}
 z - a potion of curing {unknown}
 A - a potion of ambrosia {unknown}
 B - a potion of degeneration {unknown}
 C - a potion of haste {unknown}
 D - a potion of resistance {unknown}


   Skills:
 - Level 3.0 Fighting
 + Level 15.2 Axes
 - Level 2.6 Armour
 - Level 2.1 Shields


You had 9 spell levels left.
You didn't know any spells.
Your spell library contained the following spells:

 Spells                   Type           Power      Damage    Failure   Level
 Apportation              Tloc           0%         N/A       75%         1
 Cigotuvi's Dreadful Rot  Necr/Alch/Air  0%         N/A       87%         2
 Ensorcelled Hibernation  Hex/Ice        0%         N/A       87%         2
 Tukima's Dance           Hex            0%         N/A       98%         3
 Leda's Liquefaction      Alch/Erth      0%         N/A       100%        4
 Passage of Golubria      Tloc           0%         N/A       100%        4
 Metabolic Englaciation   Hex/Ice        0%         N/A       100%        5
 Yara's Violent Unravell  Hex/Alch       0%         3d3       100%        5
 Haunt                    Necr/Summ      0%         N/A       100%        7
 Death's Door             Necr           0%         N/A       100%        9


Dungeon Overview and Level Annotations

Branches:
Dungeon (9/15)             Temple (0/1) D:5            Lair (0/5) D:9
    Orc: D:9-12

Altars:
Ashenzari
Cheibriados
Gozag
Kikubaaqudgha
Makhleb
Nemelex Xobeh
Qazlal
Ru
Sif Muna
Vehumet
Wu Jian
Xom
The Shining One

Shops:
D:7 [

Annotations:
D:9 Amaemon


Innate Abilities, Weirdness & Mutations

You can wield a second weapon in your off-hand.
It takes a long time for you to wield or remove held weapons.
Your first few attacks do less damage.
You cannot equip rings or amulets.


Message History

You feel very sick. The scorpion closely misses you. Amaemon barely misses you.
Amaemon claws you but does no damage. Amaemon barely misses you.
Hit: a) +1 war axe {Pete}
Press: ? - help, Dir - move target, f/p - Amaemon
Aim: Amaemon, wielding a +1 demon whip of venom (severely wounded, about 41% to evade your +1 war axe)
You closely miss Amaemon with your +1 war axe.
Amaemon is severely wounded.
You hit the scorpion with your +1 war axe.
You hit Amaemon with the +6 shillelagh "Devastator".
Amaemon and the scorpions shudder.
Amaemon is severely wounded.
The scorpion is heavily wounded.
You kill the scorpion!
The scorpion's corpse disappears in a puff of smoke!
The scorpion is heavily wounded.
* * * LOW HITPOINT WARNING * * *
You feel very sick.
Amaemon sighs, "Demons are the only companions you can really rely on."
Amaemon closely misses you. Amaemon claws you but does no damage.
Amaemon tail-slaps you.
* * * LOW HITPOINT WARNING * * *
Hit: a) +1 war axe {Pete}
Press: ? - help, Dir - move target, f/p - Amaemon
Aim: Amaemon, wielding a +1 demon whip of venom (severely wounded, about 41% to evade your +1 war axe)
You hit Amaemon with the +6 shillelagh "Devastator".
Amaemon and the scorpions shudder.
Amaemon is almost dead.
The scorpion is severely wounded. x2
Amaemon is almost dead.
You barely miss Amaemon with your +1 war axe.
You slash the scorpion with your +1 war axe!
You kill the scorpion!
The scorpion's corpse disappears in a puff of smoke!
You hit the scorpion with your +1 war axe.
* * * LOW HITPOINT WARNING * * *
You feel very sick.
The scorpion stings you but does no damage.
Amaemon hits you with a +1 demon whip of venom!
You die...

..........#
..........#
..........#
.........?#
..........#
..........#
.......s6.#
......)@ยง.#
#######)### #.# #.#
#.# ######'###
#........#
#........#
###########........#


You could see Amaemon and a scorpion (summoned).

Vanquished Creatures
  Maurice (D:7)
  Joseph (D:7)
  An orange demon (D:9)
  Psyche (D:8)
  Prince Ribbit (D:5)
  A steam dragon (D:8)
  Edmund (D:6)
  Menkaure (D:7)
  2 orc warriors
  A sky beast (D:7)
  A black bear (D:6)
  An ogre (D:5)
  2 wolves (D:9)
  5 centaurs
  A phantom (D:5)
  2 kobold brigands
  2 bullfrogs
  A gnoll sergeant (D:7)
  Blork the orc (D:5)
  2 scorpions
  6 wights (D:8)
  11 killer bees
  3 hounds
  5 orc priests
  A bombardier beetle (D:3)
  A jelly (D:4)
  2 sleepcaps (D:5)
  Jessica (D:3)
  5 iguanas
  9 orc wizards
  5 adders
  16 gnolls
  2 white imps
  2 ufetubi (D:6)
  A dart slug (D:4)
  26 orcs
  7 bats
  5 endoplasms
  6 giant cockroaches
  6 goblins
  5 hobgoblins
  4 jackals (D:2)
  2 quokkas
  13 ball pythons
  6 frilled lizards
  18 kobolds
  3 rats
200 creatures vanquished.

Notes
Turn   | Place    | Note
-------+----------+-------------------------------------------
     0 | D:1      | Alarak the Coglin Fighter began the quest for the Orb.
     0 | D:1      | Reached XP level 1. HP: 18/18 MP: 1/1
    79 | D:1      | Found a faded altar of an unknown god.
   187 | D:1      | Reached XP level 2. HP: 24/24 MP: 2/2
   326 | D:1      | Reached skill level 3 in Axes
   420 | D:1      | Reached XP level 3. HP: 21/29 MP: 3/3
   991 | D:2      | Reached skill level 4 in Axes
  1059 | D:2      | Reached XP level 4. HP: 35/35 MP: 4/4
  1448 | D:3      | Identified a scroll of acquirement
  1448 | D:3      | Acquired the +0 helmet "Zuh Aqukh" {+Inv rElec rF+ rC+}
  1650 | D:3      | Reached skill level 5 in Axes
  1653 | D:3      | Reached XP level 5. HP: 33/41 MP: 5/5
  1734 | D:3      | Noticed Jessica
  1741 | D:3      | Killed Jessica
  2675 | D:4      | Reached skill level 6 in Axes
  2784 | D:4      | Found an ancient bone altar of Kikubaaqudgha.
  2789 | D:4      | Found a shimmering blue altar of Sif Muna.
  2791 | D:4      | Found a radiant altar of Vehumet.
  2796 | D:4      | Got Sif Muna's Collected Works on Portals
  2824 | D:4      | Reached XP level 6. HP: 37/47 MP: 6/6
  2961 | D:4      | Found a sparkling altar of Nemelex Xobeh.
  2982 | D:4      | Found a shimmering altar of Xom.
  3648 | D:5      | Entered Level 5 of the Dungeon
  3658 | D:5      | Reached skill level 7 in Axes
  3685 | D:5      | Found a burning altar of Makhleb.
  3768 | D:5      | Reached XP level 7. HP: 46/52 MP: 7/7
  3859 | D:5      | Noticed Blork the orc
  3870 | D:5      | Killed Blork the orc
  3871 | D:5      | Reached skill level 8 in Axes
  3978 | D:5      | Found a staircase to the Ecumenical Temple.
  4157 | D:5      | Became a worshipper of Makhleb the Destroyer
  4201 | D:5      | Noticed Prince Ribbit
  4202 | D:5      | Found the +6 shillelagh "Devastator" {shatter}
  4215 | D:5      | Killed Prince Ribbit
  4216 | D:5      | Reached skill level 9 in Axes
  4216 | D:5      | Reached XP level 8. HP: 42/58 MP: 8/8
  4710 | D:5      | Found a glowing golden altar of the Shining One.
  4908 | D:6      | Reached skill level 10 in Axes
  5002 | D:6      | Found an ornate altar of the Wu Jian Council.
  5005 | D:6      | Found a snail-covered altar of Cheibriados.
  5007 | D:6      | Found a sacrificial altar of Ru.
  5074 | D:6      | Got the Handbook of the Thirsty Curses
  5287 | D:6      | Found a stormy altar of Qazlal.
  5314 | D:6      | Noticed Edmund
  5320 | D:6      | Killed Edmund
  5321 | D:6      | Reached skill level 11 in Axes
  5435 | D:7      | Reached * piety under Makhleb
  5444 | D:7      | Reached XP level 9. HP: 32/63 MP: 9/9
  5800 | D:7      | Noticed Maurice
  5803 | D:7      | Maurice stole a +0 war axe
  5806 | D:7      | Killed Maurice
  5807 | D:7      | Reached skill level 12 in Axes
  5912 | D:7      | Noticed Joseph
  5917 | D:7      | Killed Joseph
  5932 | D:7      | Noticed Menkaure
  5935 | D:7      | Killed Menkaure
  6009 | D:7      | Found Eckek's Armour Shop.
  6179 | D:7      | Found a broken altar of Ashenzari.
  6179 | D:7      | Found an opulent altar of Gozag.
  6243 | D:8      | Reached skill level 13 in Axes
  6583 | D:8      | Reached XP level 10. HP: 54/70 MP: 10/10
  6632 | D:8      | Noticed Psyche
  6636 | D:8      | Killed Psyche
  6637 | D:8      | Reached skill level 14 in Axes
  7400 | D:9      | Found a staircase to the Lair.
  7409 | D:9      | Reached ** piety under Makhleb
  7474 | D:9      | Got the Folio of Nightshade
  7560 | D:9      | Reached skill level 15 in Axes
  7741 | D:9      | Noticed an orange demon
  7742 | D:9      | Noticed Amaemon
  7753 | D:9      | Killed an orange demon
  7758 | D:9      | HP: 2/70 [poisoned by Amaemon]
  7758 | D:9      | Mangled by Amaemon

Illustrated notes

Levels and vault maps discovered:
D:1:      psy_arrival_radial01, layout_basic,
          shapermc_ecumenical_altar_acropolis, minmay_misc_feat_chi
D:2:      layout_rooms, dk_noncrumbling_4, minmay_quadrilaterals
D:3:      layout_basic, uniq_jessica
D:4:      minmay_evil_eye, layout_basic, grunt_temple_overflow_magic_moments,
          mainiacjoe_overflow_catwalk_spiral
D:5:      layout_basic, tso_altar, amcnicky_altar_gilded,
          lemuel_temple_firewalk_b, uniq_blork_the_orc, uniq_prince_ribbit1
D:6:      layout_gridville, mainiacjoe_overflow_24_doors,
          grunt_temple_overflow_open, uniq_edmund
D:7:      layout_loops_ring, mainiacjoe_overflow_divided_tiny, serial_shops,
          shop, uniq_maurice, uniq_joseph, uniq_menkaure
D:8:      layout_basic, uniq_psyche
D:9:      layout_roguey, nicolae_uskayaw_dance_studio,
          erik_lair_orcish_takeover, patterned_corridor, uniq_amaemon

Skill      XL: |  1  2  3  4  5  6  7  8  9 10 |
---------------+-------------------------------+-----
Axes           | 3 4 5 6 7 9 11 13 15 | 15.2
Fighting       | |  3.0
Armour         | |  2.6
Shields        | |  2.1

Action                     |  1- 3 |  4- 6 |  7- 9 | 10-12 || total
---------------------------+-------+-------+-------+-------++-------
  Melee: War axe           |    92 |    84 |    97 |    56 ||   329
         Short sword       |    12 |    95 |    43 |       ||   150
         Shillelagh        |       |       |    61 |    62 ||   123
    Use: Scroll            |       |    15 |     2 |     1 ||    18
         Potion            |       |       |     2 |       ||     2
 Armour: Scale mail        |    93 |   108 |   118 |    85 ||   404
  Dodge: Dodged            |    46 |    44 |    53 |    45 ||   188
  Block: Buckler           |    22 |       |       |       ||    22

Table legend: (Time is in decaauts)
 A = Elapsed time spent in this place.
 B = Non-inter-level travel time spent in this place.
 C = Inter-level travel time spent in this place.
 D = Time resting spent in this place.
 E = Time spent auto-exploring this place.
 F = Levels seen in this place.
 G = Mean time per level.
                   A        B        C        D        E       F      G
               +--------+--------+--------+--------+--------+-----+--------+
         Total |   7789 |   7343 |    446 |    651 |   5595 |   9 |  865.4 |
       Dungeon |   7789 |   7343 |    446 |    651 |   5595 |   9 |  865.4 |
               +--------+--------+--------+--------+--------+-----+--------+

Top non-repeatable levels by time:
     D:5: 1250 daAuts
     D:4: 1161 daAuts
     D:3: 1062 daAuts
     D:8: 1007 daAuts
     D:7: 828 daAuts
     D:1: 768 daAuts
     D:2: 698 daAuts
     D:9: 507 daAuts
     D:6: 503 daAuts
